AoeStats
← 富尔坎

Arena

508529564Analyzed
4v4 RM · 11d ago on Sep 22, 2026· 50m 58s· 8 players
Game mode
Random Map
Map size
Large (8 player)
Population
200
Speed
Normal
Resources
Standard
Victory
Conquest
Starting age
Dark Age
Ending age
Imperial Age
RankedLock teamsTeams togetherTeam positionsShared explorationLock speedFull tech treeHidden civsTurbo modeCheats
Victory
Defeat
🇪🇸 Turks · Spain
1058
+9
🇧🇷 Turks · Brazil
1020
+10
🇺🇸 Vikings · United States
987
+12
🇪🇸 Franks · Spain
862
+17
🇩🇪 Persians · Germany
1000
-48
🇩🇪 Britons · Germany
900
-12
🇩🇪 Burgundians · Germany
890
-35
🇬🇧 Franks · United Kingdom
776
-21
AlexShukov13
12:36 Feudal Age
14:19 Man-at-Arms
14:49 Double-Bit Axe
14:56 Horse Collar
18:35 Castle Age
17:29 Gold Mining
18:53 Forging
18:44 Scale Mail Armor
19:15 Town Watch
19:03 Pikeman
23:46 Long Swordsman
24:31 Squires
26:07 Arson
28:57 Iron Casting
28:38 Chain Mail Armor
29:07 Heavy Plow
29:44 Gold Shaft Mining
29:02 Stone Mining
29:25 Bow Saw
34:27 Loom
37:17 Imperial Age
37:24 Two-Handed Swordsman
37:39 Capped Ram
40:39 Blast Furnace
41:25 Champion
46:11 Plate Mail Armor
Muninn77
12:34 Feudal Age
10:50 Loom
17:05 Castle Age
15:53 Double-Bit Axe
16:01 Gold Mining
21:58 Imperial Age
26:09 Padded Archer Armor
48:29 Wheelbarrow
48:07 Bow Saw
48:35 Gold Shaft Mining
47:46 Horse Collar
48:57 Leather Archer Armor
bibita
3:40 Loom
13:55 Feudal Age
18:04 Castle Age
18:19 Scale Barding Armor
18:22 Padded Archer Armor
18:29 Gold Mining
18:42 Double-Bit Axe
19:51 Husbandry
25:42 Leather Archer Armor
32:37 Ordonnance Companies
35:20 Chain Barding Armor
35:21 Forging
43:01 Gold Shaft Mining
48:02 Scale Mail Armor
50:56 Imperial Age
tts.engamb
5:33 Loom
12:33 Feudal Age
18:26 Castle Age
16:35 Double-Bit Axe
16:34 Horse Collar
17:02 Stone Mining
17:27 Gold Mining
32:40 Imperial Age
30:58 Wheelbarrow
31:51 Forging
31:32 Fletching
31:47 Scale Barding Armor
31:45 Heavy Plow
31:58 Bow Saw
32:36 Gold Shaft Mining
33:55 Hand Cart
34:48 Iron Casting
34:08 Bodkin Arrow
38:39 Blast Furnace
38:00 Chain Barding Armor
37:52 Bloodlines
37:43 Husbandry
37:06 Elite Janissary
37:47 Artillery
38:15 Bombard Tower
37:41 Arrowslits
38:16 Ballistics
37:47 Heated Shot
37:38 Treadmill Crane
38:08 Masonry
38:29 Town Watch
40:59 Two-Man Saw
40:01 Bracer
41:37 Plate Barding Armor
43:11 Architecture
42:39 Murder Holes
42:55 Fortified Wall
anil44
4:02 Loom
13:51 Feudal Age
14:39 Double-Bit Axe
14:58 Town Watch
15:59 Wheelbarrow
20:39 Man-at-Arms
26:07 Padded Archer Armor
26:19 Forging
26:01 Fletching
26:13 Scale Mail Armor
26:19 Scale Barding Armor
富尔坎
9:54 Feudal Age
9:06 Wheelbarrow
9:14 Wheelbarrow
10:05 Wheelbarrow
11:28 Town Watch
12:00 Double-Bit Axe
12:40 Horse Collar
19:15 Bow Saw
32:56 Castle Age
31:00 Heavy Plow
30:55 Gold Mining
35:26 Hand Cart
35:29 Caravan
36:21 Gold Shaft Mining
36:51 Two-Man Saw
Bread
12:16 Feudal Age
16:22 Wheelbarrow
22:24 Castle Age
22:18 Horse Collar
Bombardiro Croccodilo
10:40 Feudal Age
15:05 Castle Age
13:38 Double-Bit Axe
13:54 Horse Collar
21:48 Bow Saw
22:20 Heavy Plow
25:12 Fletching
25:23 Padded Archer Armor
29:43 Imperial Age
27:03 Town Watch
27:55 Wheelbarrow
27:06 Loom
27:56 Bodkin Arrow
28:17 Leather Archer Armor
28:26 Gold Mining
29:48 Ballistics
30:21 Gold Shaft Mining
30:03 Elite Longbowman
31:12 Yeomen
32:25 Chemistry
35:08 Hand Cart
34:54 Town Patrol
35:50 Bracer
36:21 Ring Archer Armor
36:01 Forging
40:13 Forging
40:09 Scale Barding Armor
40:24 Pikeman
41:06 Squires
44:44 Iron Casting
44:29 Chain Barding Armor
45:57 Halberdier
47:03 Arson
48:21 Blast Furnace
47:23 Scale Mail Armor
Connection lost

Rejoining the realm…

Still unreachable

The connection could not be restored.

Session expired

The server has moved on; the page needs a fresh start.